[Event "22nd Hogeschool Zeeland 2018"]
[Site "Vlissingen"]
[Date "2018.08.05"]
[Round "2"]
[White "Wagenvoorde, Guido"]
[Black "Gonzales, Jayson"]
[Result "0-1"]
[ECO "A55"]
[WhiteElo "2035"]
[BlackElo "2383"]
[Annotator "NA"]
[PlyCount "110"]
[EventDate "2018.08.04"]
[EventType "swiss"]
[EventCountry "NED"]
[SourceTitle "playchess.com"]
[Source "ChessBase"]
[SourceQuality "1"]
[TimeControl "40/5400+30:1800+30"]

1. d4 d6 2. c4 e5 3. Nf3 Nd7 4. Nc3 Ngf6 5. e4 Be7 6. Be2 c6 7. O-O O-O 8. h3 a6 9. Qc2 Re8 {[%emt 0:06:36] A55: Old Indian Defence with Nf3 and e4} (9... Qc7 10. Be3 b6 11. Rac1 Re8 12. Nd2 exd4 13. Bxd4 Bb7 14. f4 c5 15. Bf2 Bf8 16. Rce1 Nb8 17. Bf3 {1-0 (42) Fodor,T (2462)-Drazic,S (2433) Pula 2014}) 10. d5 cxd5 11. cxd5 b5 $146 ({Predecessor:} 11... Nf8 12. Be3 Bd7 13. a4 Qc8 14. Rfc1 Ng6 15. Bf1 Nh5 16. Qb3 Qb8 17. a5 {1-0 (36) Barbosa,P (2254)-Chaves,J (2009) Natal 2011}) 12. b4 Nb6 13. a4 bxa4 14. Nxa4 Bd7 15. Nc3 Qc7 16. Nd2 Rec8 17. Bb2 Qb7 18. Qd3 a5 19. bxa5 Nbxd5 20. Nxd5 Nxd5 21. Qxd5 Qxb2 22. Rfb1 Qc3 23. a6 Be6 24. Qd3 Qc5 25. Nf1 Bd8 26. Ne3 Bb6 27. Bg4 Qd4 28. Qb5 Rc5 29. Qb2 Rc7 30. Bxe6 fxe6 31. Qa2 Kf7 32. Rd1 Qc5 33. Qe2 Qc6 34. Qf3+ Kg8 35. Qg4 Re7 36. Rac1 Bc5 37. Nc4 Qxa6 38. Rc2 Bd4 39. Rdc1 Rf8 40. Qg3 Ref7 41. Rf1 Rf4 42. Qb3 Kh8 43. Nb2 $17 R4f6 44. Nd3 h6 45. Qc4 Qa8 46. Qc6 Qa3 47. Qb5 d5 48. exd5 e4 49. Nc5 Rxf2 50. Rfxf2 Rxf2 51. Rxf2 Qc1+ 52. Qf1 Bxf2+ 53. Kxf2 Qxc5+ 54. Kg3 Qd6+ 55. Kf2 Qf4+ 0-1

[Event "22nd Hogeschool Zeeland 2018"]
[Site "Vlissingen"]
[Date "2018.08.05"]
[Round "2"]
[White "Hng, Mei-En Emmanuelle"]
[Black "Miciano, John Marvin"]
[Result "0-1"]
[ECO "B08"]
[WhiteElo "2024"]
[BlackElo "2381"]
[Annotator "NA"]
[PlyCount "78"]
[EventDate "2018.08.04"]
[EventType "swiss"]
[EventCountry "NED"]
[SourceTitle "playchess.com"]
[Source "ChessBase"]
[SourceQuality "1"]
[TimeControl "40/5400+30:1800+30"]

1. e4 d6 2. d4 Nf6 3. Nc3 g6 4. Be2 Bg7 5. h3 c6 6. Nf3 O-O 7. Be3 b5 8. a3 Nbd7 9. Qd2 Qc7 10. Bh6 a6 11. O-O Bb7 12. Rad1 c5 13. Bxg7 Kxg7 14. Qe3 b4 15. e5 bxc3 16. exf6+ Nxf6 17. Qxc3 Nd5 18. Qd2 c4 19. c3 Nf6 20. Qe3 Rab8 21. Nd2 Bd5 22. Rb1 Qc6 23. f3 Be6 24. Qf2 Rb7 25. b4 cxb3 26. c4 Qa4 27. Qe3 Rfb8 28. Rb2 Qxa3 29. Rfb1 Bf5 30. Ne4 d5 31. g4 Bxe4 32. fxe4 Nxe4 33. Bd1 e6 34. cxd5 exd5 35. Rxb3 Rxb3 36. Rxb3 Rxb3 37. Qxb3 Qc1 38. Kg2 Qd2+ 39. Kg1 Qf2+ 0-1

[Event "22nd Hogeschool Zeeland 2018"]
[Site "Vlissingen"]
[Date "2018.08.05"]
[Round "2"]
[White "Unander, Matts"]
[Black "Ravi, Teja S."]
[Result "0-1"]
[ECO "D00"]
[WhiteElo "2010"]
[BlackElo "2374"]
[Annotator "NA"]
[PlyCount "62"]
[EventDate "2018.08.04"]
[EventType "swiss"]
[EventCountry "NED"]
[SourceTitle "playchess.com"]
[Source "ChessBase"]
[SourceQuality "1"]
[TimeControl "40/5400+30:1800+30"]

1. d4 d5 2. Nf3 Nf6 3. g3 Bg4 4. Bg2 c6 5. Nbd2 e6 6. O-O Nbd7 7. c4 Be7 8. b3 O-O 9. Bb2 a5 10. a3 h6 11. Re1 Qb6 12. c5 Qc7 13. b4 Bf5 14. Ne5 b6 15. f4 bxc5 16. bxc5 a4 17. Bc3 Rfd8 18. h3 Bh7 19. e3 Nxe5 20. fxe5 Nd7 21. Qf3 f6 22. exf6 Bxf6 23. e4 Rf8 24. Qg4 Rae8 25. e5 Bg5 26. Qd1 Qa7 27. Nf3 Bd8 28. Kh2 Rf7 29. Rf1 Ref8 30. Qd2 Qa6 31. Ng1 Rxf1 0-1

[Event "22nd Hogeschool Zeeland 2018"]
[Site "Vlissingen"]
[Date "2018.08.05"]
[Round "3"]
[White "Schoppen, Casper"]
[Black "Van den Berg, Bram"]
[Result "1-0"]
[ECO "B01"]
[WhiteElo "2395"]
[BlackElo "2221"]
[Annotator "ChessBase"]
[PlyCount "67"]
[EventDate "2018.08.04"]
[EventType "swiss"]
[EventCountry "NED"]
[SourceTitle "playchess.com"]
[Source "ChessBase"]
[SourceQuality "1"]
[TimeControl "40/5400+30:1800+30"]

1. e4 d5 2. exd5 Nf6 3. d4 Bg4 4. Be2 Bxe2 5. Qxe2 Qxd5 6. Nf3 e6 7. O-O Nc6 8. Rd1 O-O-O 9. c4 Qh5 10. Nc3 Rg8 11. d5 exd5 12. cxd5 Nb4 13. Bf4 Nbxd5 14. Nxd5 Nxd5 15. Bg5 Bd6 16. Bxd8 Bxh2+ 17. Kf1 Rxd8 18. Rd4 Bd6 19. Rh4 Qg6 20. g3 c6 21. Re1 h6 22. Re4 Kc7 23. Re8 Rxe8 24. Qxe8 Qf6 25. Ne5 Bxe5 26. Rxe5 g6 27. b4 a6 28. a4 h5 29. Re4 Qf3 30. Kg1 Qf5 31. b5 axb5 32. axb5 Qd7 33. b6+ Kd6 34. Qf8+ 1-0

[Event "22nd Hogeschool Zeeland 2018"]
[Site "Vlissingen"]
[Date "2018.08.05"]
[Round "3"]
[White "Gonzales, Jayson"]
[Black "Sparenberg, Erik"]
[Result "1/2-1/2"]
[ECO "E90"]
[WhiteElo "2383"]
[BlackElo "2173"]
[Annotator "ChessBase"]
[PlyCount "60"]
[EventDate "2018.08.04"]
[EventType "swiss"]
[EventCountry "NED"]
[SourceTitle "playchess.com"]
[Source "ChessBase"]
[SourceQuality "1"]
[TimeControl "40/5400+30:1800+30"]

1. Nf3 Nf6 2. c4 g6 3. Nc3 Bg7 4. e4 d6 5. d4 O-O 6. h3 e5 7. d5 Na6 8. Bg5 h6 9. Be3 Nc5 10. Nd2 a5 11. g4 Nfd7 12. Rg1 g5 13. Be2 Re8 14. h4 gxh4 15. g5 Kh7 16. Nf3 h3 17. Bf1 Nf8 18. Nh2 Ng6 19. Qh5 Nf4 20. Bxf4 exf4 21. gxh6 Bxc3+ 22. bxc3 Qf6 23. Rc1 Nxe4 24. Bd3 Bf5 25. Ng4 Nxc3+ 26. Kd2 Ne4+ 27. Ke1 Nc3+ 28. Kd2 Ne4+ 29. Ke1 Nxf2+ 30. Kxf2 Qd4+ {[%emt 0:00:30] Kf3Qxd3+ [%clk 0:00:00] Kxf4 [%clk 0:00:00]} 1/2-1/2

[Event "22nd Hogeschool Zeeland 2018"]
[Site "Vlissingen"]
[Date "2018.08.05"]
[Round "3"]
[White "Miciano, John Marvin"]
[Black "Stange, Sven"]
[Result "1-0"]
[ECO "A07"]
[WhiteElo "2381"]
[BlackElo "2161"]
[Annotator "NA"]
[PlyCount "79"]
[EventDate "2018.08.04"]
[EventType "swiss"]
[EventCountry "NED"]
[SourceTitle "playchess.com"]
[Source "ChessBase"]
[SourceQuality "1"]
[TimeControl "40/5400+30:1800+30"]

1. g3 Nf6 2. Bg2 d5 3. Nf3 e6 4. O-O Be7 5. d3 O-O 6. Nbd2 Nc6 7. c3 {[%emt 0:01:06] A07: Réti Opening: New York and Capablanca Systems} (7. d4 a5 8. c3 b6 9. Re1 Bb7 10. e4 dxe4 11. Nxe4 Nxe4 12. Rxe4 Bf6 13. Re1 Ne7 14. Qc2 Bd5 {1-0 (42) Nakamura,H (2780)-Topalov,V (2749) Saint Louis 2017}) 7... e5 8. b4 a6 $146 ({Predecessor:} 8... Bg4 9. b5 Na5 10. Nxe5 Be6 11. h3 Bd6 12. Ndf3 Nd7 13. Nxd7 Qxd7 14. Kh2 Qxb5 {½-½ (48) Mourgues,J (1816)-Le Pen,S (1380) Hennebont 2006}) 9. Qc2 h6 10. a3 Re8 11. e4 dxe4 12. dxe4 Bg4 13. Nc4 Bf8 14. Ne3 Bxf3 15. Bxf3 g6 16. Be2 Qe7 17. Bc4 Nd8 18. Nd5 Nxd5 19. Bxd5 c6 20. Bb3 a5 21. Be3 axb4 22. axb4 Ne6 23. Qe2 Bg7 24. Bb6 Kh7 25. Bc4 Rxa1 26. Rxa1 Qg5 27. h4 Qe7 28. Rd1 Bf6 29. Rd3 Ra8 30. Qd1 Kg7 31. Kg2 Nf8 32. h5 g5 33. Qg4 Qe8 34. Rd6 Bd8 (34... Be7 $16 35. Rd3 Bd8) 35. Qf5 ({And not} 35. Rxd8 Rxd8 36. Bxd8 Qxd8 $11) 35... Bxb6 $4 (35... Be7 $16 36. Rd3 f6) 36. Qf6+ Kg8 37. Qxh6 Bd8 38. Rg6+ Nxg6 39. hxg6 Qf8 40. Qh7# {[%emt 0:00:00] Be7 [%clk 0:00:32]} 1-0

[Event "22nd Hogeschool Zeeland 2018"]
[Site "Vlissingen"]
[Date "2018.08.05"]
[Round "3"]
[White "Ravi, Teja S"]
[Black "Elgersma, Simon"]
[Result "1-0"]
[ECO "D00"]
[WhiteElo "2374"]
[BlackElo "2136"]
[Annotator "NA"]
[PlyCount "59"]
[EventDate "2018.08.04"]
[EventType "swiss"]
[EventCountry "NED"]
[SourceTitle "playchess.com"]
[Source "ChessBase"]
[SourceQuality "1"]
[TimeControl "40/5400+30:1800+30"]

1. d4 Nf6 2. Nf3 g6 3. Nc3 d5 4. Bf4 Bg7 5. e3 O-O 6. Be2 c5 7. dxc5 Qa5 8. Nd2 Qxc5 9. Nb3 Qb6 10. Nb5 Na6 11. a4 Bd7 12. Be5 Bxb5 13. axb5 Nc7 14. Bd4 Qd6 15. O-O b6 16. Ra4 Qd7 17. Qa1 Nxb5 18. Bxb6 Qb7 19. Bc5 Ne4 20. Bxe7 Nbc3 21. Bxf8 Nxe2+ 22. Kh1 Rxf8 23. Qe1 Qb5 24. Rb4 Qa6 25. c4 Qd6 26. cxd5 Bxb2 27. Rxe4 Qxd5 28. Qxe2 Qxe4 29. Qxb2 Qd3 30. Qb1 1-0

[Event "22nd Hogeschool Zeeland 2018"]
[Site "Vlissingen"]
[Date "2018.08.05"]
[Round "3"]
[White "Mehar, Chinna Reddy C H"]
[Black "Oosting, Robert"]
[Result "1-0"]
[ECO "B53"]
[WhiteElo "2345"]
[BlackElo "1958"]
[Annotator "NA"]
[PlyCount "51"]
[EventDate "2018.08.04"]
[EventType "swiss"]
[EventCountry "NED"]
[SourceTitle "playchess.com"]
[Source "ChessBase"]
[SourceQuality "1"]
[TimeControl "40/5400+30:1800+30"]

1. e4 c5 2. Nf3 d6 3. d4 cxd4 4. Qxd4 Nc6 5. Bb5 Bd7 6. Qd3 Nf6 7. c4 g6 8. Nc3 Bg7 9. O-O O-O 10. h3 a6 11. Bxc6 Bxc6 12. Nd4 Nd7 13. Be3 Nc5 14. Qc2 Bd7 15. Rfd1 Rc8 16. Rac1 Qa5 17. b4 Qxb4 18. Nd5 Qa3 19. Nxe7+ Kh8 20. Nxc8 Ba4 21. Nb3 Nxb3 22. axb3 Bxb3 23. Qd3 Rxc8 24. Rb1 Bb2 25. Rxb2 Qxb2 26. Bd4+ 1-0

[Event "22nd Hogeschool Zeeland 2018"]
[Site "Vlissingen"]
[Date "2018.08.05"]
[Round "3"]
[White "De Waele, Warre"]
[Black "Van Delft, Merijn"]
[Result "1/2-1/2"]
[ECO "D45"]
[WhiteElo "2237"]
[BlackElo "2395"]
[Annotator "NA"]
[PlyCount "42"]
[EventDate "2018.08.04"]
[EventType "swiss"]
[EventCountry "NED"]
[SourceTitle "playchess.com"]
[Source "ChessBase"]
[SourceQuality "1"]
[TimeControl "40/5400+30:1800+30"]

1. d4 d5 2. c4 c6 3. Nf3 Nf6 4. Nc3 e6 5. e3 Nbd7 6. b3 Bb4 7. Bd2 O-O 8. Be2 b6 9. O-O Qe7 10. Bd3 Bb7 11. Qc2 dxc4 12. bxc4 c5 13. Ne4 Bxd2 14. Nexd2 Rfd8 15. Rfe1 g6 16. a4 Nb8 17. a5 Nc6 18. axb6 Nb4 19. Qc3 axb6 20. Bf1 Rxa1 21. Rxa1 Ra8 1/2-1/2

[Event "22nd Hogeschool Zeeland 2018"]
[Site "Vlissingen"]
[Date "2018.08.05"]
[Round "3"]
[White "Elgersma, Onno"]
[Black "Timmermans, Mark"]
[Result "1/2-1/2"]
[ECO "C45"]
[WhiteElo "2171"]
[BlackElo "2383"]
[Annotator "NA"]
[PlyCount "42"]
[EventDate "2018.08.04"]
[EventType "swiss"]
[EventCountry "NED"]
[SourceTitle "playchess.com"]
[Source "ChessBase"]
[SourceQuality "1"]
[TimeControl "40/5400+30:1800+30"]

1. e4 e5 2. Nf3 Nc6 3. d4 exd4 4. Nxd4 Nf6 5. Nxc6 bxc6 6. e5 Qe7 7. Qe2 Nd5 8. h4 f6 9. c4 Ba6 10. Rh3 fxe5 11. Bg5 Nf6 12. Re3 O-O-O 13. Nd2 Qf7 14. O-O-O h6 15. Bxf6 gxf6 16. Rf3 Qe6 17. Qe3 c5 18. Ne4 h5 19. Kb1 Bb7 20. Rxf6 Qg4 21. f3 Bxe4+ 1/2-1/2

[Event "22nd Hogeschool Zeeland 2018"]
[Site "Vlissingen"]
[Date "2018.08.05"]
[Round "3"]
[White "Mesman, Edwyn"]
[Black "Grooten, Herman"]
[Result "1/2-1/2"]
[ECO "A44"]
[WhiteElo "2154"]
[BlackElo "2374"]
[Annotator "ChessBase"]
[PlyCount "73"]
[EventDate "2018.08.04"]
[EventType "swiss"]
[EventCountry "NED"]
[SourceTitle "playchess.com"]
[Source "ChessBase"]
[SourceQuality "1"]
[TimeControl "40/5400+30:1800+30"]

1. d4 c5 2. d5 e5 3. e4 d6 4. c4 Be7 5. Nf3 Bg4 6. Be2 Na6 7. Nxe5 Bxe2 8. Qa4+ Kf8 9. Nd7+ Qxd7 10. Qxd7 Bxc4 11. Na3 Bd3 12. Qxb7 Re8 13. f3 f5 14. e5 dxe5 15. d6 Bd8 16. Be3 Ba5+ 17. Bd2 Bb6 18. Qd5 e4 19. d7 Rd8 20. Qxf5+ Nf6 21. Bc3 Ke7 22. O-O-O Nb4 23. Bxb4 cxb4 24. Rxd3 exd3 25. Re1+ Kf7 26. Qe6+ Kg6 27. Kd2 bxa3 28. Re4 h5 29. g4 Kh6 30. Re5 hxg4 31. fxg4 Bc7 32. g5+ Kh7 33. Qf5+ Kg8 34. Qe6+ Kh7 35. Qf5+ Kg8 36. Qe6+ Kh7 37. Qf5+ 1/2-1/2

[Event "22nd Hogeschool Zeeland 2018"]
[Site "Vlissingen"]
[Date "2018.08.05"]
[Round "3"]
[White "IJzermans, Cees"]
[Black "Haast, Mark"]
[Result "1/2-1/2"]
[ECO "E11"]
[WhiteElo "2142"]
[BlackElo "2350"]
[Annotator "NA"]
[PlyCount "85"]
[EventDate "2018.08.04"]
[EventType "swiss"]
[EventCountry "NED"]
[SourceTitle "playchess.com"]
[Source "ChessBase"]
[SourceQuality "1"]
[TimeControl "40/5400+30:1800+30"]

1. d4 Nf6 2. c4 e6 3. Nf3 Bb4+ 4. Nbd2 d6 5. a3 Bxd2+ 6. Qxd2 O-O 7. g4 Nc6 8. g5 Nd7 9. b4 e5 10. Bb2 Nxd4 11. Nxd4 exd4 12. Bxd4 a5 13. b5 Qe7 14. f4 f5 15. Bg2 Nc5 16. Bxc5 dxc5 17. Rd1 Be6 18. Bxb7 Rad8 19. Bd5 Bxd5 20. cxd5 Rfe8 21. O-O Qxe2 22. Qxe2 Rxe2 23. Rf2 Re4 24. Rc2 c4 25. Rdc1 Rxd5 26. Rxc4 Rxc4 27. Rxc4 Rxb5 28. Rxc7 Rb3 29. Rc5 Rxa3 30. Rxf5 Ra2 31. Rb5 g6 32. Rb8+ Kf7 33. Rb7+ Ke6 34. Rxh7 Kf5 35. Rf7+ Kg4 36. h3+ Kg3 37. Kf1 Rf2+ 38. Ke1 Rxf4 39. Rf6 Re4+ 40. Kd2 Kxh3 41. Rxg6 Kg4 42. Ra6 Kxg5 43. Rxa5+ 1/2-1/2

[Event "22nd Hogeschool Zeeland 2018"]
[Site "Vlissingen"]
[Date "2018.08.06"]
[Round "4"]
[White "Ikonnikov, Vyacheslav"]
[Black "Schoppen, Casper"]
[Result "1-0"]
[ECO "E43"]
[WhiteElo "2546"]
[BlackElo "2395"]
[Annotator "RC"]
[PlyCount "99"]
[EventDate "2018.08.04"]
[EventType "swiss"]
[EventCountry "NED"]
[SourceTitle "playchess.com"]
[Source "ChessBase"]
[SourceQuality "1"]
[TimeControl "40/5400+30:1800+30"]

1. d4 Nf6 2. Nf3 e6 3. c4 b6 4. Nc3 Bb4 5. e3 Bb7 6. Bd3 O-O 7. O-O Bxc3 8. bxc3 Be4 9. Be2 c5 10. Ne1 Bb7 11. f3 d6 12. Nc2 Nc6 13. e4 h6 14. d5 Na5 15. Rf2 Qe7 16. Bd2 Nd7 17. Ne3 Ne5 18. f4 Nd7 19. Bd3 Rae8 20. Qf1 Qd8 21. Re1 exd5 22. exd5 Nf6 23. Nf5 Bc8 24. Rfe2 Bxf5 25. Bxf5 Rxe2 26. Qxe2 Re8 27. Qd3 Re7 28. h3 g6 29. Bg4 Rxe1+ 30. Bxe1 Qe8 31. Be2 Ne4 32. Bd1 f5 33. Kf1 g5 34. fxg5 hxg5 35. g4 Qe5 36. gxf5 Qxf5+ 37. Kg2 Qh7 38. Bc2 Nf6 39. Qe2 Qd7 40. Bg3 Nb7 41. Qe3 Nh7 42. Bg6 Kg7 43. Be8 Qf5 44. Qe7+ Kh8 45. Bh5 Nf6 46. Qf8+ Kh7 47. Qf7+ Kh6 48. Bf3 g4 49. hxg4 Nxg4 50. Bf4+ 1-0

[Event "22nd Hogeschool Zeeland 2018"]
[Site "Vlissingen"]
[Date "2018.08.06"]
[Round "4"]
[White "Pruijssers, Roeland"]
[Black "Ravi, Teja S"]
[Result "1/2-1/2"]
[ECO "B12"]
[WhiteElo "2506"]
[BlackElo "2374"]
[Annotator "ChessBase"]
[PlyCount "51"]
[EventDate "2018.08.04"]
[EventType "swiss"]
[EventCountry "NED"]
[SourceTitle "playchess.com"]
[Source "ChessBase"]
[SourceQuality "1"]
[TimeControl "40/5400+30:1800+30"]

1. e4 c6 2. d4 d5 3. e5 Bf5 4. Nf3 e6 5. Be2 c5 6. Be3 cxd4 7. Nxd4 Ne7 8. Bb5+ Nbc6 9. O-O Rc8 10. Nd2 a6 11. Bxc6+ bxc6 12. b4 Qc7 13. f4 g5 14. N2b3 Bg6 15. Qd2 gxf4 16. Bxf4 Nf5 17. Nxf5 Bxf5 18. Be3 Rg8 19. Bd4 a5 20. a3 Qb8 21. c3 a4 22. Nc5 Qb5 23. Rae1 Rg6 24. Qd1 Bxc5 25. Bxc5 Qd3 26. Qxd3 1/2-1/2

[Event "22nd Hogeschool Zeeland 2018"]
[Site "Vlissingen"]
[Date "2018.08.06"]
[Round "4"]
[White "Van Delft, Merijn"]
[Black "Ojas Kulkarni"]
[Result "1/2-1/2"]
[ECO "C76"]
[WhiteElo "2395"]
[BlackElo "2256"]
[Annotator "NA"]
[PlyCount "39"]
[EventDate "2018.08.04"]
[EventType "swiss"]
[EventCountry "NED"]
[SourceTitle "playchess.com"]
[Source "ChessBase"]
[SourceQuality "1"]
[TimeControl "40/5400+30:1800+30"]

1. e4 e5 2. Nf3 Nc6 3. Bb5 a6 4. Ba4 d6 5. c3 Bd7 6. d4 g6 7. O-O Bg7 8. Re1 Nge7 9. h3 O-O 10. a3 Qe8 11. Bb3 h6 12. dxe5 dxe5 13. Nbd2 Rd8 14. Qe2 Nc8 15. Nc4 Be6 16. Ba2 Nd6 17. Nxd6 Rxd6 18. Be3 Bxa2 19. Rxa2 Qe6 20. Raa1 1/2-1/2

[Event "22nd Hogeschool Zeeland 2018"]
[Site "Vlissingen"]
[Date "2018.08.06"]
[Round "4"]
[White "Timmermans, Mark"]
[Black "Lopez-Rojas, Jeffrey"]
[Result "1-0"]
[ECO "B06"]
[WhiteElo "2383"]
[BlackElo "2156"]
[Annotator "RC"]
[PlyCount "121"]
[EventDate "2018.08.04"]
[EventType "swiss"]
[EventCountry "NED"]
[SourceTitle "playchess.com"]
[Source "ChessBase"]
[SourceQuality "1"]
[TimeControl "40/5400+30:1800+30"]

1. e4 g6 2. d4 Bg7 3. Nc3 d6 4. Be3 a6 5. h4 h6 6. h5 g5 7. Qd2 b5 8. f4 gxf4 9. Bxf4 Nf6 10. Bd3 Ng4 11. Nf3 e5 12. dxe5 dxe5 13. Bg3 c6 14. Nd1 Be6 15. Nf2 Nd7 16. Nxg4 Bxg4 17. Be2 Qe7 18. Nh4 Be6 19. Nf5 Bxf5 20. exf5 Rg8 21. Rd1 Bf8 22. Bh4 f6 23. O-O Nb6 24. Bf3 Kf7 25. Bf2 Qc7 26. Qa5 Rb8 27. Qxa6 Kg7 28. Rd3 Kh8 29. Rfd1 c5 30. Qxb5 Nd5 31. Qc4 Nf4 32. Rd7 Qb6 33. Bh4 Nh3+ 34. Kh2 Ng5 35. Bd5 Rg7 36. Rxg7 Bxg7 37. b3 Qa7 38. Bf2 Bf8 39. a4 Qd7 40. Qg4 Qe8 41. Bc4 Rb7 42. a5 Rg7 43. Qe2 Ne4 44. Be1 Nd6 45. Be6 Qb8 46. Bh4 Be7 47. Qd2 Kh7 48. Ra1 Rg4 49. Ra4 e4 50. Kh3 Rg7 51. a6 Qa7 52. Bg3 Qa8 53. Qd5 Qe8 54. Qd1 Nb5 55. Be1 Nd4 56. a7 Nf3 57. g4 Qb5 58. Bc4 Ng1+ 59. Kg2 Qe8 60. a8=Q Qxh5 61. Qg8+ 1-0

[Event "22nd Hogeschool Zeeland 2018"]
[Site "Vlissingen"]
[Date "2018.08.06"]
[Round "4"]
[White "Haast, Mark"]
[Black "Mesman, Edwyn"]
[Result "1-0"]
[ECO "A37"]
[WhiteElo "2350"]
[BlackElo "2154"]
[Annotator "NA"]
[PlyCount "57"]
[EventDate "2018.08.04"]
[EventType "swiss"]
[EventCountry "NED"]
[SourceTitle "playchess.com"]
[Source "ChessBase"]
[SourceQuality "1"]
[TimeControl "40/5400+30:1800+30"]

1. g3 c5 2. Bg2 g6 3. c4 Bg7 4. Nc3 Nc6 5. Nf3 e6 6. d3 Nge7 7. Bg5 h6 8. Bd2 b6 9. a3 Bb7 10. O-O d5 11. Rb1 O-O 12. Qc1 Kh7 13. b4 cxb4 14. axb4 dxc4 15. dxc4 Qc8 16. c5 bxc5 17. bxc5 Ba6 18. Rd1 Rb8 19. Rxb8 Nxb8 20. Qa3 Nf5 21. Bf4 Nc6 22. e4 Nfd4 23. Nxd4 Nxd4 24. Bd6 Re8 25. e5 Nc6 26. f4 f6 27. Qa4 Bb7 28. Rb1 Ba8 29. Nb5 1-0

[Event "22nd Hogeschool Zeeland 2018"]
[Site "Vlissingen"]
[Date "2018.08.06"]
[Round "4"]
[White "De Waele, Warre"]
[Black "Gonzales, Jayson"]
[Result "0-1"]
[ECO "D30"]
[WhiteElo "2237"]
[BlackElo "2383"]
[Annotator "NA"]
[PlyCount "45"]
[EventDate "2018.08.04"]
[EventType "swiss"]
[EventCountry "NED"]
[SourceTitle "playchess.com"]
[Source "ChessBase"]
[SourceQuality "1"]
[TimeControl "40/5400+30:1800+30"]

1. d4 d5 2. c4 e6 3. Nf3 c6 4. e3 Nd7 5. Bd3 dxc4 6. Bxc4 b5 7. Bd3 Bb7 8. O-O Ngf6 9. e4 a6 10. a4 Be7 11. Qe2 bxa4 12. Rxa4 c5 13. Bxa6 Bxe4 14. Nbd2 Bc6 15. Ra2 O-O 16. Bc4 Rxa2 17. Bxa2 Qa8 18. Bc4 cxd4 19. Bb5 Bd5 20. g3 Bc5 21. b4 Bxb4 22. Nxd4 Bc5 23. N4b3 0-1

[Event "22nd Hogeschool Zeeland 2018"]
[Site "Vlissingen"]
[Date "2018.08.07"]
[Round "5"]
[White "Beerdsen, Thomas"]
[Black "Muetsch, Annmarie"]
[Result "1-0"]
[ECO "B27"]
[WhiteElo "2469"]
[BlackElo "2239"]
[Annotator "ChessBase"]
[PlyCount "47"]
[EventDate "2018.08.04"]
[EventType "swiss"]
[EventCountry "NED"]
[SourceTitle "playchess.com"]
[Source "ChessBase"]
[SourceQuality "1"]
[TimeControl "40/5400+30:1800+30"]

1. e4 c5 2. Nf3 g6 3. c3 Bg7 4. d4 cxd4 5. cxd4 d5 6. e5 Bg4 7. Qb3 Qd7 8. Nc3 Bxf3 9. gxf3 e6 10. Nb5 Bf8 11. Bf4 Nc6 12. Rc1 a6 13. Nd6+ Bxd6 14. exd6 f6 15. Bh3 g5 16. O-O Kf8 17. Bg3 h5 18. Bxe6 Qxe6 19. Qxb7 Rd8 20. Rxc6 h4 21. d7 Qh3 22. Rc8 hxg3 23. Rxd8+ Kf7 24. Qxd5+ 1-0

[Event "22nd Hogeschool Zeeland 2018"]
[Site "Vlissingen"]
[Date "2018.08.07"]
[Round "5"]
[White "Vrolijk, Liam"]
[Black "Van den Berg, Bram"]
[Result "1-0"]
[ECO "D85"]
[WhiteElo "2430"]
[BlackElo "2221"]
[Annotator "NA RC"]
[PlyCount "77"]
[EventDate "2018.08.04"]
[EventType "swiss"]
[EventCountry "NED"]
[SourceTitle "playchess.com"]
[Source "ChessBase"]
[SourceQuality "1"]
[TimeControl "40/5400+30:1800+30"]

1. d4 Nf6 2. c4 g6 3. Nc3 d5 4. cxd5 Nxd5 5. e4 Nxc3 6. bxc3 Bg7 7. Nf3 c5 8. Be3 O-O 9. Qd2 Qa5 10. Rb1 cxd4 11. cxd4 Qxd2+ 12. Kxd2 Rd8 13. Bd3 Bg4 14. Rxb7 Bxf3 15. gxf3 Bxd4 16. Rc1 Bb6 17. Ke2 Nd7 18. Bb5 Nf8 19. Rxe7 Ne6 20. Bc4 Kf8 21. Rb7 Rab8 22. Rxb8 Rxb8 23. Bb3 Ke7 24. f4 Rb7 25. Bd5 Rd7 26. Rc4 Nd8 27. Rb4 Bxe3 28. fxe3 Ne6 29. Rc4 Rd6 30. Bc6 Rd8 31. Ba4 Rb8 32. Bb3 Rb7 33. e5 Ng7 34. e4 Rd7 35. Ke3 Rb7 36. Rc6 Rd7 37. Bd5 h6 38. Rf6 Ke8 39. Bc6 1-0

[Event "22nd Hogeschool Zeeland 2018"]
[Site "Vlissingen"]
[Date "2018.08.07"]
[Round "5"]
[White "Shyaamnikhil, P."]
[Black "Haast, Mark"]
[Result "1/2-1/2"]
[ECO "A37"]
[WhiteElo "2389"]
[BlackElo "2350"]
[Annotator "NA"]
[PlyCount "50"]
[EventDate "2018.08.04"]
[EventType "swiss"]
[EventCountry "NED"]
[SourceTitle "playchess.com"]
[Source "ChessBase"]
[SourceQuality "1"]
[TimeControl "40/5400+30:1800+30"]

1. Nf3 c5 2. g3 g6 3. Bg2 Bg7 4. O-O Nc6 5. c4 e6 6. Nc3 Nge7 7. d3 O-O 8. Bd2 b6 9. a3 Bb7 10. Rb1 d6 11. b4 Qd7 12. Qc1 Nf5 13. Ne1 Rac8 14. bxc5 dxc5 15. Ne4 Ncd4 16. Qd1 Bc6 17. Nc3 h6 18. a4 Rfd8 19. Nb5 a6 20. Nxd4 Nxd4 21. Bxc6 Qxc6 22. Nc2 Nf5 23. Ne3 Nd4 24. Nc2 Nf5 25. Ne3 Nd4 1/2-1/2

[Event "22nd Hogeschool Zeeland 2018"]
[Site "Vlissingen"]
[Date "2018.08.07"]
[Round "5"]
[White "Rijnaarts, Sjef"]
[Black "De Boer, Bas"]
[Result "1/2-1/2"]
[ECO "B48"]
[WhiteElo "2339"]
[BlackElo "2129"]
[Annotator "NA"]
[PlyCount "62"]
[EventDate "2018.08.04"]
[EventType "swiss"]
[EventCountry "NED"]
[SourceTitle "playchess.com"]
[Source "ChessBase"]
[SourceQuality "1"]
[TimeControl "40/5400+30:1800+30"]

1. e4 c5 2. Nf3 e6 3. d4 cxd4 4. Nxd4 Nc6 5. Nc3 Qc7 6. Be3 a6 7. Qd2 Nf6 8. f4 Bb4 9. Bd3 b5 10. a3 Bxc3 11. Qxc3 Bb7 12. e5 Nd5 13. Qd2 Nxf4 14. Bxf4 Nxd4 15. Qf2 Nc6 16. O-O g5 17. Bxg5 Nxe5 18. Qf6 Qc5+ 19. Kh1 Rf8 20. Rf5 exf5 21. Re1 Bxg2+ 22. Kxg2 Qc6+ 23. Qxc6 dxc6 24. Rxe5+ Kd7 25. Bxf5+ Kc7 26. Bf4 Kb6 27. Be3+ Kc7 28. Bxh7 Rh8 29. Re7+ Kd6 30. Rxf7 Ke6 31. Rc7 Kd5 1/2-1/2

[Event "22nd Hogeschool Zeeland 2018"]
[Site "Vlissingen"]
[Date "2018.08.07"]
[Round "5"]
[White "Lefebvre, Herve"]
[Black "Romanishin, Oleg M"]
[Result "1/2-1/2"]
[ECO "C45"]
[WhiteElo "2304"]
[BlackElo "2441"]
[Annotator "NA"]
[PlyCount "31"]
[EventDate "2018.08.04"]
[EventType "swiss"]
[EventCountry "NED"]
[SourceTitle "playchess.com"]
[Source "ChessBase"]
[SourceQuality "1"]
[TimeControl "40/5400+30:1800+30"]

1. e4 e5 2. Nf3 Nc6 3. d4 exd4 4. Nxd4 Bc5 5. Nb3 Bb4+ 6. c3 Be7 7. f4 d6 8. N1d2 d5 9. e5 Bf5 10. Nf3 Nh6 11. Bd3 O-O 12. O-O Qd7 13. Be3 Rad8 14. h3 f6 15. Nbd4 Nxd4 16. cxd4 1/2-1/2